 Dungeon Crawl Stone Soup version 0.31.0-4-g52a2dc7128 (console) character file.

Game seed: 9099112987317612352

705 AlterAsc the Magician (level 7, -11/36 HPs)
             Began as a Deep Elf Fire Elementalist on Jan 21, 2024.
             Mangled by an ogre
             ... wielding a +0 giant club
              (22 damage)
             ... on level 4 of the Dungeon.
             The game lasted 00:14:51 (3743 turns).

AlterAsc the Magician (Deep Elf Fire Elementalist)  Turns: 3743, Time: 00:14:52

Health: -11/36     AC:  5    Str:  5    XL:     7   Next: 39%
Magic:  2/19       EV: 12    Int: 22    God:
Gold:   188        SH:  0    Dex: 15    Spells: 8/20 levels left

rFire   . . .        (no weapon)
rCold   . . .        (no shield)
rNeg    . . .        a - +0 robe
rPois   .            (no helmet)
rElec   .            (no cloak)
rCorr   .            (no gloves)
SInv    .            j - +2 pair of boots {Stlth+}
Will    .....        (no amulet)
Stlth   +++          (no ring)
HPRegen 0.26/turn    (no ring)
MPRegen 0.16/turn

%: no passive effects
@: no status effects
A: no striking features
a: no special abilities


You were on level 4 of the Dungeon.
You visited 1 branch of the dungeon, and saw 5 of its levels.

You collected 188 gold pieces.

Inventory:

Missiles
 q - 5 poisoned darts
Armour
 a - a +0 robe (worn)
 f - an orb of mayhem
 j - a +2 pair of boots of stealth (worn)
Jewellery
 e - a ring of positive energy
Scrolls
 c - a scroll of amnesia {unknown}
 h - 3 scrolls of vulnerability {unknown}
 i - 3 scrolls of immolation {unknown}
 m - a scroll of revelation {unknown}
 n - 2 scrolls of teleportation {unknown}
 p - a scroll of butterflies {unknown}
 r - a scroll of identify {unknown}
 s - a scroll of fog {unknown}
Potions
 b - a potion of magic
 d - 2 potions of degeneration {unknown}
 g - 2 potions of resistance {unknown}
 k - 2 potions of mutation {unknown}
 l - a potion of cancellation {unknown}
 o - 4 potions of lignification {unknown}
 t - a potion of invisibility {unknown}
 u - a potion of curing {unknown}
 v - 2 potions of heal wounds {unknown}


   Skills:
 - Level 2.4 Dodging
 - Level 2.4 Stealth
 * Level 7.4 Spellcasting
 + Level 4.0 Conjurations
 * Level 6.4 Fire Magic


You had 8 spell levels left.
You knew the following spells:

 Your Spells              Type           Power      Damage    Failure   Level
a - Foxfire               Conj/Fire      100%       2x1d9     1%          1
b - Scorch                Fire           72%        2d8       1%          2
c - Inner Flame           Hex/Fire       22%        N/A       6%          3
d - Flame Wave            Conj/Fire      31%        2d9       9%          4
e - Blink                 Tloc           16%        N/A       12%         2

Your spell library contained the following spells:

 Spells                   Type           Power      Damage    Failure   Level
 Magic Dart               Conj           100%       1d8       1%          1
 Kiss of Death            Conj/Necr      68%        2d10      3%          1
 Sting                    Conj/Alch      68%        1d7       3%          1
 Volatile Blastmotes      Fire/Tloc      44%        2d13      6%          3
 Apportation              Tloc           16%        N/A       8%          1
 Necrotise                Necr           32%        1d5       8%          1
 Summon Small Mammal      Summ           32%        N/A       8%          1
 Dazzling Flash           Conj/Hex       34%        N/A       11%         3
 Call Imp                 Summ           16%        N/A       12%         2
 Mephitic Cloud           Conj/Alch/Air  14%        N/A       14%         3
 Confusing Touch          Hex            8%         N/A       24%         3
 Dispel Undead            Necr           8%         3d8       61%         4
 Curse of Agony           Necr           8%         N/A       91%         5
 Silence                  Hex/Air        4%         N/A       91%         5


Dungeon Overview and Level Annotations

Branches:
Dungeon (5/15)
 Temple: D:4-7

Altars:

Shops:
D:2 =

Annotations:
D:4 Menkaure


Message History

The orc is heavily wounded.
The orc's fire resistance burns away.
The adder closely misses you.
Casting: Scorch (safe; 1% risk of failure)
Confirm with . or Enter, or press ? or * to list all spells.
You conjure some foxfire!
The adder bites you.
Your foxfire dissipates!
The foxfire hits the orc.
The orc is burned terribly!
You kill the orc!
The adder attacks as it pursues you! The adder barely misses you.
The adder misses you.
Casting: Foxfire (safe; 1% risk of failure)
Confirm with . or Enter, or press ? or * to list all spells.
You conjure some foxfire!
The adder bites you but does no damage.
Your foxfire dissipates!
The foxfire hits the adder!
You kill the adder!
Press: ? - help, v - describe, . - travel
Here: an ogre, wielding a +0 giant club The floor.
Casting: Foxfire (safe; 1% risk of failure)
Confirm with . or Enter, or press ? or * to list all spells.
Flames lash the ogre.
The ogre is moderately wounded.
The ogre's fire resistance burns away.
The ogre is no longer more vulnerable to fire.
The ogre attacks as it pursues you! The ogre hits you with a +0 giant club!
* * * LOW HITPOINT WARNING * * *
Casting: Scorch (safe; 1% risk of failure)
Confirm with . or Enter, or press ? or * to list all spells.
Flames lash the ogre.
The ogre is moderately wounded.
The ogre's fire resistance burns away.
Casting: Scorch (safe; 1% risk of failure)
Confirm with . or Enter, or press ? or * to list all spells.
Flames lash the orc.
You kill the orc!
The ogre closely misses you. The ogre attacks as it pursues you!
The ogre hits you with a +0 giant club!!
Ouch! That really hurt!
You die...

#.## #....#######
#.....@O...###
....#######o..### .
###...## ###M$##
##.)# ##.##
####†.##### #o
##o........# ###.
.#####
###o.######### ....
.....# #.O.## ..h.
..##.########.#####


You could see an ogre (combustible) and an orc priest.

Vanquished Creatures
  2 black bears (D:5)
  A centaur (D:5)
  A phantom (D:5)
  A bombardier beetle (D:4)
  2 hounds
  2 orc priests (D:5)
  A jelly (D:5)
  An iguana (D:5)
  2 gnolls (D:2)
  8 adders
  2 dart slugs
  11 orcs
  6 bats
  4 endoplasms
  2 giant cockroaches (D:1)
  2 hobgoblins
  4 jackals (D:3)
  6 kobolds
  2 quokkas
  2 ball pythons
  A frilled lizard (D:2)
  4 goblins
  5 rats
72 creatures vanquished.

Vanquished Creatures (collateral kills)
  2 gnolls (D:2)
2 creatures vanquished.

Vanquished Creatures (others)
  126 foxfires
126 creatures vanquished.

Grand Total: 200 creatures vanquished

Notes
Turn   | Place    | Note
-------+----------+-------------------------------------------
     0 | D:1      | AlterAsc the Deep Elf Fire Elementalist began the quest for
                  | the Orb.
     0 | D:1      | Reached XP level 1. HP: 10/10 MP: 6/6
   194 | D:1      | Reached XP level 2. HP: 15/15 MP: 6/8
   559 | D:1      | Learned a level 2 spell: Scorch
   739 | D:2      | Reached XP level 3. HP: 18/19 MP: 0/10
   755 | D:2      | Reached skill level 4 in Spellcasting
  1232 | D:2      | Reached XP level 4. HP: 15/24 MP: 2/12
  1475 | D:2      | Found Fifressofo's Jewellery Shop.
  1761 | D:3      | Learned a level 3 spell: Inner Flame
  1766 | D:3      | Learned a level 4 spell: Flame Wave
  2358 | D:3      | Reached skill level 5 in Spellcasting
  2819 | D:4      | Reached XP level 5. HP: 28/28 MP: 8/14
  2841 | D:4      | Noticed Menkaure
  2846 | D:5      | Entered Level 5 of the Dungeon
  2902 | D:5      | Noticed a black bear
  2922 | D:5      | Killed a black bear
  2923 | D:5      | Reached skill level 5 in Fire Magic
  2923 | D:5      | Reached XP level 6. HP: 32/32 MP: 11/16
  3011 | D:5      | Reached skill level 6 in Spellcasting
  3318 | D:5      | Learned a level 2 spell: Blink
  3524 | D:5      | Reached skill level 7 in Spellcasting
  3524 | D:5      | Reached XP level 7. HP: 11/36 MP: 7/19
  3743 | D:4      | Mangled by an ogre

Illustrated notes

Levels and vault maps discovered:
D:1:      co_arrival_random_square_maze, layout_rooms
D:2:      layout_loops_corners, serial_shops, nicolae_square_shop,
          kennysheep_potato
D:3:      layout_loops_corners
D:4:      layout_rooms, serial_shops, shop, chequers_serial_rivers_micro_c,
          uniq_menkaure
D:5:      layout_basic

Skill      XL: |  1  2  3  4  5  6  7 |
---------------+----------------------+-----
Spellcasting   | 4 5 7 |  7.4
Fire Magic     | 4 5 6 |  6.4
Conjurations   | 2 3 4 |  4.0
Dodging        | |  2.4
Stealth        | |  2.4

Action                     |  1- 3 |  4- 6 |  7- 9 || total
---------------------------+-------+-------+-------++-------
   Cast: Foxfire           |    26 |    50 |    10 ||    86
         Scorch            |    16 |    22 |     7 ||    45
         Inner Flame       |       |     2 |     1 ||     3
         Blink             |       |       |     1 ||     1
 Armour: Robe              |    18 |    13 |    12 ||    43
  Dodge: Dodged            |     9 |     7 |    11 ||    27
